 Dungeon Crawl Stone Soup version 0.26-a0-631-ged93497179 (webtiles) character file.

Game seed: 9206008762877246405

279 DogServant the Chiller (level 6, 0/34 HPs)
             Began as a Deep Elf Ice Elementalist on Sept 12, 2020.
             Slain by Crazy Yiuf
             ... wielding a +4 quarterstaff of chaos
              (4 damage)
             ... while petrified by Crazy Yiuf
             ... on level 3 of the Dungeon.
             The game lasted 00:14:34 (5080 turns).

DogServant the Chiller (Deep Elf Ice Elementalist)  Turns: 5080, Time: 00:14:34

Health: 0/34       AC:  9    Str:  5    XL:     6   Next: 5%
Magic:  12/16      EV:  2    Int: 22    God:
Gold:   133        SH:  0    Dex: 15    Spells: 5/16 levels left

rFire    . . .     SeeInvis .   l - +4 short sword
rCold    . . .     Faith    .   (no shield)
rNeg     + + +     Spirit   .   a - +0 robe
rPois    ∞         Reflect  .   (no helmet)
rElec    .         Harm     .   (no cloak)
rCorr    .         Rampage  .   (no gloves)
MR       .....                  (no boots)
Stlth    ++........             (no amulet)
HPRegen  0.11/turn              (no ring)
MPRegen  0.15/turn              (no ring)

@: lethally poisoned (0 -> 0), icy armour, petrified
A: no striking features
a: no special abilities


You were on level 3 of the Dungeon.
You visited 1 branch of the dungeon, and saw 3 of its levels.
You also visited: Sewer.

You collected 133 gold pieces.

Inventory:

Hand Weapons
 f - a +0 short sword
 l - a +4 short sword (weapon)
Missiles
 c - 4 curare-tipped darts (quivered)
Armour
 a - a +0 robe (worn)
 e - a +0 pair of boots
 j - a scarf of harm
 p - a +0 cloak
Jewellery
 g - a cursed amulet of inaccuracy {unknown}
 v - an uncursed amulet of magic regeneration {unknown}
Scrolls
 i - 3 scrolls of magic mapping
 q - a scroll of teleportation
 s - a scroll of remove curse
 t - 3 scrolls of identify {unknown}
 u - a scroll of enchant weapon {unknown}
 w - a scroll of blinking
Potions
 b - 2 potions of brilliance
 d - a potion of stabbing {unknown}
 h - 2 potions of curing {unknown}
 k - 3 potions of flight {unknown}
 m - 4 potions of magic {unknown}
 n - a potion of lignification {unknown}
 o - a potion of mutation {unknown}
 r - a potion of heal wounds


   Skills:
 + Level 1.0 Fighting
 + Level 3.3 Dodging
 - Level 2.6 Stealth
 + Level 5.7 Spellcasting
 + Level 6.2 Ice Magic


You had 5 spell levels left.
You knew the following spells:

 Your Spells              Type           Power        Failure   Level
a - Freeze                Ice            ####         1%          1
b - Frozen Ramparts       Ice            ####..       2%          3
c - Ozocubu's Armour      Ice            ####....     2%          3
d - Hailstorm             Conj/Ice       ###.....     26%         4

Your spell library contained the following spells:

 Spells                   Type           Power        Failure   Level
 Summon Ice Beast         Ice/Summ       ###.....     26%         4


Dungeon Overview and Level Annotations

Branches:
Dungeon (3/15)              Sewer (visited)

Altars:
Elyvilon
Gozag
Qazlal
Ru
Wu Jian

Annotations:
D:3 Crazy Yiuf


Message History

Crazy Yiuf cries, "Lugonu!"
Crazy Yiuf barely misses you.
Crazy Yiuf grits, "Race bush mumblescurry!"
Crazy Yiuf hits you with a +4 quarterstaff of chaos.
Crazy Yiuf hits you with a +4 quarterstaff of chaos!
* * * LOW HITPOINT WARNING * * *
Crazy Yiuf freezes you.
* * * LOW HITPOINT WARNING * * *
Crazy Yiuf hits you with a +4 quarterstaff of chaos.
* * * LOW HITPOINT WARNING * * *
Crazy Yiuf hits you but does no damage.
Crazy Yiuf says, "Citrus mobile alas!"
Crazy Yiuf hits you but does no damage.
Crazy Yiuf hits you with a +4 quarterstaff of chaos.
* * * LOW HITPOINT WARNING * * *
Crazy Yiuf burns you.
* * * LOW HITPOINT WARNING * * *
The heat melts your icy armour.
Crazy Yiuf hits you with a +4 quarterstaff of chaos!
You die...

# #....# #.#.######.......#
######.## #)#......[.......## #
........#####.#...####.....<..###
######........#.#.# ###.(.###...
# ############## ####...# ##.#
###### #......####.# .....#
♣♣♣♣♣####.........# ######
###**♣♣♣g♣....##.#..###..# #
#...#♣..♣@.P...#(#..# #..# #
#...'g♣♣♣♣P......#..# #>.# ######
#)..#♣♣ ♣♣P.....#(.###..# .....#
###** ♣♣##.#.#.......# ######
#.#.##.###.## #.#.##.###.##
#############...))..##.##
####...##........#.##..##.##
#......##.###..#)#.##.......


You could see Crazy Yiuf.

Vanquished Creatures
  An orc priest (D:3)
  3 orc wizards (D:3)
  5 adders
  5 worms
  2 dart slugs (D:1)
  4 leopard geckos
  6 orcs (D:3)
  2 ball pythons
  A giant cockroach (D:3)
  7 goblins
  4 hobgoblins
  13 jackals
  16 kobolds
  2 quokkas (D:3)
  7 bats
  6 frilled lizards
  12 rats
96 creatures vanquished.

Vanquished Creatures (others)
  2 fungi (D:3)
  11 plants (Sewer)
13 creatures vanquished.

Grand Total: 109 creatures vanquished

Notes
Turn   | Place    | Note
-------+----------+-------------------------------------------
     0 | D:1      | DogServant the Deep Elf Ice Elementalist began the quest
                  | for the Orb.
     0 | D:1      | Reached XP level 1. HP: 10/10 MP: 6/6
   115 | D:1      | You fall into a shaft and drop 1 floor!
   195 | D:2      | Reached XP level 2. HP: 15/15 MP: 6/8
   222 | D:2      | Found a stormy altar of Qazlal.
   629 | D:2      | Reached skill level 5 in Ice Magic
   629 | D:2      | Reached XP level 3. HP: 7/19 MP: 2/10
   856 | D:2      | Found an opulent altar of Gozag.
  1410 | D:1      | Learned a level 3 spell: Frozen Ramparts
  1414 | D:1      | Learned a level 3 spell: Ozocubu's Armour
  2015 | D:1      | Reached XP level 4. HP: 24/24 MP: 8/12
  2540 | D:3      | Found an ornate altar of the Wu Jian Council.
  2542 | D:3      | Found a sacrificial altar of Ru.
  2545 | D:3      | Found a white marble altar of Elyvilon.
  2608 | D:3      | Found a glowing drain.
  2639 | Sewer    | Entered a sewer
  3117 | Sewer    | Reached skill level 5 in Spellcasting
  3439 | Sewer    | Reached XP level 5. HP: 25/28 MP: 14/14
  3886 | D:3      | Learned a level 4 spell: Hailstorm
  3957 | D:3      | Reached skill level 6 in Ice Magic
  4273 | D:3      | Reached skill level 1 in Fighting
  4294 | D:3      | Reached XP level 6. HP: 22/34 MP: 13/16
  5055 | D:3      | Found a runed translucent door.
  5056 | D:3      | Noticed Crazy Yiuf
  5080 | D:3      | Slain by Crazy Yiuf

Illustrated notes

Levels and vault maps discovered:
D:1:      elethiomel_arrival_infinity_welcomes_careful_drivers, layout_basic
D:2:      layout_basic, nicolae_overflow_crystal_walls, lemuel_round_altar
D:3:      layout_loops_ring, grunt_temple_overflow_open,
          cheibrodos_sewer_entry_bend, minivault_26, uniq_crazy_yiuf_cottage

Skill      XL: |  1  2  3  4  5 |
---------------+----------------+-----
Ice Magic      | 5 6 |  6.2
Spellcasting   | 4 5 |  5.7
Dodging        | 3 |  3.3
Fighting       | 1 |  1.0
Stealth        | |  2.6

Action                   |  1- 3 |  4- 6 || total
-------------------------+-------+-------++-------
Melee: Unarmed           |     2 |       ||     2
       Short sword       |    15 |   119 ||   134
 Cast: Freeze            |    54 |    23 ||    77
       Frozen Ramparts   |     6 |    10 ||    16
       Ozocubu's Armour  |       |     1 ||     1
  Use: Scroll            |     3 |     2 ||     5
       Potion            |       |     2 ||     2
 Stab: Sleeping          |       |     4 ||     4
Armor: Robe              |     5 |    24 ||    29
Dodge: Dodged            |    45 |    91 ||   136

Table legend: (Time is in decaauts)
 A = Elapsed time spent in this place.
 B = Non-inter-level travel time spent in this place.
 C = Inter-level travel time spent in this place.
 D = Time resting spent in this place.
 E = Time spent auto-exploring this place.
 F = Levels seen in this place.
 G = Mean time per level.
                   A        B        C        D        E       F      G
               +--------+--------+--------+--------+--------+-----+--------+
         Total |   5283 |   5201 |     82 |    669 |   3465 |   4 | 1320.8 |
       Dungeon |   4043 |   3961 |     82 |    397 |   2784 |   3 | 1347.7 |
         Sewer |   1240 |   1240 |      0 |    272 |    681 |   1 | 1240.0 |
               +--------+--------+--------+--------+--------+-----+--------+

Top non-repeatable levels by time:
     D:3: 1602 daAuts
   Sewer: 1240 daAuts
     D:2: 1233 daAuts
     D:1: 1207 daAuts
